[Event "ICC tourney 2530 (3 2)"]
[Site "Internet Chess Club"]
[Date "2021.04.23"]
[Round "6"]
[White "VENKATESH NATARAJAN, ARAVINTH:K12-17300200"]
[Black "WISNIOWSKI, NATALIE:K09-15702390"]
[Result "0-1"]
[ICCResult "White resigns"]
[WhiteElo "1400"]
[BlackElo "1400"]
[Opening "Sicilian: closed"]
[ECO "B23"]
[NIC "SI.44"]
[Time "19:31:28"]
[PlyCount "32"]
[TimeControl "180+2"]

1. e4 c5 2. Nc3 a6 3. a4 g6 4. f4 Bg7 5. Nf3 d6 6. Bc4 Nf6 7. O-O O-O 8.
Qe1 Nc6 9. d3 Nd7 10. Rb1 Nd4 11. Be3 Nxc2 12. Qd2 Nxe3 13. Qxe3 Nb6 14.
Bb3 Bg4 15. a5 Bxf3 16. Rxf3 Bd4 { White resigns } 0-1

[Event "ICC tourney 2530 (3 2)"]
[Site "Internet Chess Club"]
[Date "2021.04.23"]
[Round "6"]
[White "ELIAS FALL, KHADIM:K09-15886147"]
[Black "GUERRERIO, CHRISTOPHER:K09-16206065"]
[Result "0-1"]
[ICCResult "White checkmated"]
[WhiteElo "1400"]
[BlackElo "1108"]
[Opening "Giuoco Piano"]
[ECO "C50"]
[NIC "IG.02"]
[Time "19:31:23"]
[PlyCount "34"]
[TimeControl "180+2"]

1. e4 e5 2. Nf3 Nc6 3. Bc4 Bc5 4. O-O Nf6 5. Ng5 O-O 6. Nc3 h6 7. Nf3 d6 8.
Nd5 Bg4 9. h3 Bh5 10. d3 Nd4 11. Nxf6+ Qxf6 12. Bd5 Bxf3 13. gxf3 Nxf3+ 14.
Kh1 c6 15. Bc4 Nh4 16. Be3 Qg6 17. Bxc5 Qg2# { White checkmated } 0-1

[Event "ICC tourney 2530 (3 2)"]
[Site "Internet Chess Club"]
[Date "2021.04.23"]
[Round "6"]
[White "SAXENA, PRATHAM:K09-30155954"]
[Black "LI, AUSTIN:K09-16606238"]
[Result "1-0"]
[ICCResult "Black checkmated"]
[WhiteElo "1400"]
[BlackElo "1400"]
[Opening "Sicilian: dragon, Yugoslav attack"]
[ECO "B75"]
[NIC "SI.17"]
[Time "19:30:57"]
[PlyCount "43"]
[TimeControl "180+2"]

1. e4 c5 2. Nf3 d6 3. Nc3 Nf6 4. d4 cxd4 5. Nxd4 g6 6. f3 Bg7 7. Be3 h6 8.
Qd2 a6 9. O-O-O b5 10. a3 Bb7 11. Bd3 Nbd7 12. g3 Rc8 13. f4 Nb6 14. Rhe1
Nc4 15. Bxc4 Rxc4 16. e5 dxe5 17. fxe5 Ng4 18. Nf3 Qxd2+ 19. Rxd2 Bxf3 20.
Rf1 Bc6 21. Rfd1 Nxe3 22. Rd8# { Black checkmated } 1-0

[Event "ICC tourney 2530 (3 2)"]
[Site "Internet Chess Club"]
[Date "2021.04.23"]
[Round "6"]
[White "XU, JAYDEN:K12-15918365"]
[Black "TAY, BRIAN:K09-15880655"]
[Result "0-1"]
[ICCResult "White resigns"]
[WhiteElo "1400"]
[BlackElo "1400"]
[Opening "King's Indian: Kramer system"]
[ECO "E70"]
[NIC "KI.31"]
[Time "19:30:55"]
[PlyCount "56"]
[TimeControl "180+2"]

1. d4 Nf6 2. c4 g6 3. Nc3 Bg7 4. e4 d6 5. Nge2 O-O 6. Ng3 c5 7. Be2 cxd4 8.
Nb5 e5 9. h4 a6 10. Na3 h5 11. Bg5 Nc6 12. Nc2 Qa5+ 13. Bd2 Qc7 14. b4 Be6
15. Qc1 Rfc8 16. O-O Ne7 17. f4 Bxc4 18. Bxc4 Qxc4 19. Na3 Qxc1 20. Raxc1
Rxc1 21. Rxc1 Rc8 22. Rxc8+ Nxc8 23. fxe5 dxe5 24. Nc4 Ng4 25. Ne2 b5 26.
Na5 Nd6 27. Nc6 Nxe4 28. Nb8 Nxd2 { White resigns } 0-1

[Event "ICC tourney 2530 (3 2)"]
[Site "Internet Chess Club"]
[Date "2021.04.23"]
[Round "6"]
[White "MERCADO, PATRICIO:K09-16368776"]
[Black "S JANIS, MAXTON:K09-30158505"]
[Result "1-0"]
[ICCResult "Black checkmated"]
[WhiteElo "1400"]
[BlackElo "1009"]
[Opening "Petrov's defense"]
[ECO "C42"]
[NIC "RG.03"]
[Time "19:31:13"]
[PlyCount "57"]
[TimeControl "180+2"]

1. e4 e5 2. Nf3 Nf6 3. Nxe5 Bc5 4. Bc4 O-O 5. Nc3 Ng4 6. Qxg4 d5 7. Qd1
dxc4 8. O-O Bd6 9. Nxc4 Qg5 10. Nxd6 cxd6 11. d4 Qg6 12. Bf4 Bh3 13. Bg3
Nd7 14. gxh3 Qh6 15. Bxd6 Rfe8 16. Bg3 Qxh3 17. Qf3 h6 18. Qg2 Qg4 19. f3
Qe6 20. d5 Qe5 21. Bxe5 Nxe5 22. Qg3 Ng6 23. f4 Ne7 24. Rf2 g6 25. Rg2 Kh8
26. f5 Rg8 27. fxg6 Nxg6 28. Qh3 Nf4 29. Qxh6# { Black checkmated } 1-0

[Event "ICC tourney 2530 (3 2)"]
[Site "Internet Chess Club"]
[Date "2021.04.23"]
[Round "6"]
[White "GHOSH, SOUMIL:K09-16763016"]
[Black "BENDRE, SOHAN ANUP:K12-14940058"]
[Result "0-1"]
[ICCResult "White checkmated"]
[WhiteElo "1195"]
[BlackElo "1400"]
[Opening "Sicilian defense"]
[ECO "B20"]
[NIC "SI.48"]
[Time "19:31:04"]
[PlyCount "136"]
[TimeControl "180+2"]

1. e4 c5 2. d3 Nc6 3. Be2 Nf6 4. Nf3 g6 5. h3 Bg7 6. O-O O-O 7. a3 d5 8.
exd5 Nxd5 9. Bd2 Bxb2 10. Ra2 Bg7 11. c4 Nb6 12. Bc3 Bf5 13. Bxg7 Kxg7 14.
Nc3 a6 15. a4 Nd4 16. Nxd4 Qxd4 17. a5 Qxc3 18. axb6 Rfd8 19. Ra1 Bxd3 20.
Bxd3 Qxd3 21. Qxd3 Rxd3 22. Rac1 Rad8 23. Rfe1 e6 24. Kh2 R8d6 25. Rb1 Rc3
26. Re4 Rd4 27. Rxd4 cxd4 28. Rb4 d3 29. Rb2 Rxc4 30. Rd2 Rd4 31. Kg3 Kf6
32. Kf3 Ke5 33. Ke3 Rd6 34. f4+ Kf6 35. g4 h5 36. g5+ Kf5 37. h4 e5 38.
fxe5 Kxe5 39. Rd1 d2 40. Ke2 Kf4 41. Kf2 Kg4 42. Ke3 Kxh4 43. Rh1+ Kxg5 44.
Rg1+ Kf6 45. Rf1+ Kg7 46. Rd1 h4 47. Kf2 a5 48. Kg2 a4 49. Kh3 a3 50. Kxh4
a2 51. Kg3 a1=Q 52. Rxa1 d1=Q 53. Rxd1 Rxd1 54. Kf4 Rb1 55. Ke4 Rxb6 56.
Kd5 g5 57. Ke4 Rc6 58. Kf3 Kf6 59. Kg4 b6 60. Kf3 b5 61. Ke3 b4 62. Kd3 b3
63. Kd4 b2 64. Ke4 b1=Q+ 65. Kf3 Rc4 66. Ke3 Qb3+ 67. Kd2 Rc2+ 68. Kd1 Qb1#
{ White checkmated } 0-1

[Event "ICC tourney 2530 (3 2)"]
[Site "Internet Chess Club"]
[Date "2021.04.23"]
[Round "6"]
[White "DORON-REPA, HILLEL:K03-16771628"]
[Black "REDDY ALEGONDA, ADVIK:K09-30160404"]
[Result "1-0"]
[ICCResult "Black checkmated"]
[WhiteElo "1400"]
[BlackElo "1400"]
[Opening "Kevitz-Trajkovich defense"]
[ECO "A40"]
[NIC "QO.17"]
[Time "19:31:49"]
[PlyCount "55"]
[TimeControl "180+2"]

1. d4 Nc6 2. c4 Nf6 3. Nc3 d6 4. e4 e5 5. d5 Nd4 6. Be3 Nc6 7. dxc6 bxc6 8.
Qa4 Bb7 9. Bd3 Nd7 10. Nge2 Nb6 11. Bxb6 axb6 12. Qc2 Be7 13. O-O O-O 14.
f4 Ra5 15. fxe5 dxe5 16. a3 c5 17. Nb5 Rxb5 18. cxb5 c6 19. bxc6 Bxc6 20.
Ng3 b5 21. Rad1 c4 22. Bxc4 bxc4 23. Rxd8 Rxd8 24. Qxc4 Rc8 25. Qxf7+ Kh8
26. Qxe7 Bb5 27. Rf8+ Rxf8 28. Qxf8# { Black checkmated } 1-0

[Event "ICC tourney 2530 (3 2)"]
[Site "Internet Chess Club"]
[Date "2021.04.23"]
[Round "6"]
[White "SHETTY, DARSH:K09-16728985"]
[Black "MICHAEL BAR, NATHAN:K09-30163724"]
[Result "1-0"]
[ICCResult "Black checkmated"]
[WhiteElo "1400"]
[BlackElo "1400"]
[Opening "Giuoco Pianissimo: Italian four knights variation"]
[ECO "C55"]
[NIC "IG.01"]
[Time "19:31:06"]
[PlyCount "45"]
[TimeControl "180+2"]

1. e4 e5 2. Nf3 Nc6 3. Bc4 Nf6 4. d3 Bc5 5. Nc3 O-O 6. Bg5 h6 7. Bh4 Be7 8.
O-O d6 9. Bxf6 Bxf6 10. Nd5 Bg4 11. h3 Bh5 12. c3 Re8 13. Re1 Rc8 14. a4 a6
15. b4 a5 16. b5 Ne7 17. Nxf6+ gxf6 18. Kh1 Kh8 19. Qd2 Bxf3 20. Qxh6+ Kg8
21. gxf3 Ng6 22. Qxg6+ Kf8 23. Qxf7# { Black checkmated } 1-0

[Event "ICC tourney 2530 (3 2)"]
[Site "Internet Chess Club"]
[Date "2021.04.23"]
[Round "6"]
[White "AUGUST QUESTER BOYDEN, HUGO:K09-30161202"]
[Black "NIRAG SHAH, ARYA:K12-17096474"]
[Result "0-1"]
[ICCResult "White checkmated"]
[WhiteElo "1400"]
[BlackElo "1400"]
[Opening "Scandinavian defense"]
[ECO "B01"]
[NIC "SD.03"]
[Time "19:31:28"]
[PlyCount "70"]
[TimeControl "180+2"]

1. e4 d5 2. exd5 Nf6 3. Nc3 Nxd5 4. Nxd5 Qxd5 5. Nf3 Bg4 6. Be2 Nc6 7. d3
O-O-O 8. Be3 Kb8 9. Qd2 e5 10. Ng5 Bxe2 11. Qxe2 f6 12. Ne4 g5 13. Nxf6 Qe6
14. Bxg5 Be7 15. Ne4 Nd4 16. Qd2 Rhg8 17. Be3 Rxg2 18. Bxd4 Rxd4 19. O-O-O
Qxa2 20. Nc3 Qa1+ 21. Nb1 Bg5 22. Qxg5 Rxg5 23. Rhg1 Rdg4 24. Rxg4 Rxg4 25.
Re1 a5 26. Rxe5 Rg1+ 27. Kd2 Qxb1 28. Re8+ Ka7 29. Kc3 Rc1 30. Kd4 Qxc2 31.
Ke4 Re1+ 32. Kf3 Rxe8 33. Kg2 Qxd3 34. Kg1 Rg8+ 35. Kh1 Qf3# { White
checkmated } 0-1

[Event "ICC tourney 2530 (3 2)"]
[Site "Internet Chess Club"]
[Date "2021.04.23"]
[Round "6"]
[White "DARILEK, MILES:K09-30135218"]
[Black "KUMAR MULPURI, PARTHIV:K09-16906012"]
[Result "1-0"]
[ICCResult "Black forfeits on time"]
[WhiteElo "1400"]
[BlackElo "1400"]
[Opening "Queen's pawn game"]
[ECO "D02"]
[NIC "QP.08"]
[Time "19:31:49"]
[PlyCount "23"]
[TimeControl "180+2"]

1. d4 d5 2. Nf3 e6 3. g3 Nf6 4. Bg2 b6 5. O-O Bb7 6. c4 dxc4 7. Nc3 Bb4 8.
d5 Bxc3 9. bxc3 O-O 10. dxe6 fxe6 11. Qd2 b5 12. Rd1 { Black forfeits on
time } 1-0

[Event "ICC tourney 2530 (3 2)"]
[Site "Internet Chess Club"]
[Date "2021.04.23"]
[Round "6"]
[White "VIBHAV BONDALAPATI, SRI:K09-16633657"]
[Black "WANG, OLLI:K09-17042860"]
[Result "1-0"]
[ICCResult "Black forfeits on time"]
[WhiteElo "1400"]
[BlackElo "1400"]
[Opening "Caro-Kann: exchange variation"]
[ECO "B13"]
[NIC "CK.02"]
[Time "19:31:01"]
[PlyCount "57"]
[TimeControl "180+2"]

1. e4 c6 2. d4 d5 3. exd5 cxd5 4. Nf3 Nc6 5. Bd3 Nf6 6. O-O Bg4 7. c3 e6 8.
h3 Bxf3 9. Qxf3 Bd6 10. Bg5 O-O 11. Nd2 h6 12. Bxf6 Qxf6 13. Qxf6 gxf6 14.
f4 f5 15. b4 a6 16. a4 Kh8 17. Nb3 Ne7 18. Nc5 Bxc5 19. bxc5 Rg8 20. Rab1
Rg3 21. Rxb7 Rxd3 22. Rxe7 Rf8 23. Rc1 Rd2 24. c6 Rg8 25. g4 fxg4 26. h4 g3
27. c7 g2 28. Rxf7 Rc8 29. Rf6 { Black forfeits on time } 1-0

[Event "ICC tourney 2530 (3 2)"]
[Site "Internet Chess Club"]
[Date "2021.04.23"]
[Round "6"]
[White "VALLI PILLA, ANANYA:K09-14998655"]
[Black "SEO, CHRISTOPHER:K12-15644992"]
[Result "0-1"]
[ICCResult "White resigns"]
[WhiteElo "1400"]
[BlackElo "1400"]
[Opening "Pirc: classical (two knights) system"]
[ECO "B06"]
[NIC "PU.10"]
[Time "19:31:49"]
[PlyCount "62"]
[TimeControl "180+2"]

1. e4 g6 2. d4 Bg7 3. Nf3 d6 4. Nc3 Nf6 5. Bd3 c6 6. Be3 b5 7. a3 O-O 8.
Qd2 Bg4 9. h3 Bxf3 10. gxf3 Nbd7 11. Bh6 c5 12. Nd5 Nxd5 13. exd5 c4 14.
Be4 Nf6 15. h4 Qb6 16. c3 Qb7 17. O-O-O a5 18. Rdg1 b4 19. axb4 axb4 20.
cxb4 Qa6 21. Kd1 Nxe4 22. fxe4 Qa4+ 23. Ke2 Qb3 24. Bxg7 Kxg7 25. h5 Ra2
26. Rb1 c3 27. Qxc3 Qxc3 28. Kf1 Rxb2 29. Rxb2 Qxb2 30. hxg6 fxg6 31. Kg2
Qxf2+ { White resigns } 0-1

[Event "ICC tourney 2530 (3 2)"]
[Site "Internet Chess Club"]
[Date "2021.04.23"]
[Round "6"]
[White "Y NG, EUGENE:K09-17199947"]
[Black "SUN, YIMENG:K09-16513258"]
[Result "1-0"]
[ICCResult "Black forfeits on time"]
[WhiteElo "1400"]
[BlackElo "1400"]
[Opening "King's gambit"]
[ECO "C30"]
[NIC "KG.05"]
[Time "19:31:26"]
[PlyCount "33"]
[TimeControl "180+2"]

1. e4 e5 2. f4 d6 3. Nf3 Nc6 4. Bc4 Nf6 5. d3 Bg4 6. O-O Nd4 7. Nc3 Nxf3+
8. gxf3 Bh3 9. fxe5 dxe5 10. Rf2 Nh5 11. Be3 Nf4 12. Bxf4 exf4 13. Kh1 Bc5
14. Rd2 Qg5 15. d4 Bb6 16. Qg1 Qf6 17. Nd5 { Black forfeits on time } 1-0

[Event "ICC tourney 2530 (3 2)"]
[Site "Internet Chess Club"]
[Date "2021.04.23"]
[Round "6"]
[White "BIRADAVOLU, ASRITH:K12-14190950"]
[Black "KINI, SIDDHARTH:K09-15628986"]
[Result "1-0"]
[ICCResult "Black resigns"]
[WhiteElo "1400"]
[BlackElo "1400"]
[Opening "Queen's pawn, Mason variation"]
[ECO "D00"]
[NIC "QP.08"]
[Time "19:31:15"]
[PlyCount "69"]
[TimeControl "180+2"]

1. d4 d5 2. Bf4 h5 3. Nf3 Nf6 4. e3 e6 5. Bd3 Nc6 6. O-O Bd6 7. c3 Bxf4 8.
exf4 Bd7 9. Nbd2 Ng4 10. h3 Nh6 11. Ne5 Nxe5 12. fxe5 f5 13. Qxh5+ Kf8 14.
Qg6 Qe8 15. Qg3 Qf7 16. Nf3 Re8 17. Nh4 f4 18. Qg5 Re7 19. Ng6+ Ke8 20.
Nxh8 Qg8 21. Ng6 Rf7 22. Nxf4 Nf5 23. g4 Ne7 24. Ng6 Kd8 25. Nxe7 Rxe7 26.
f4 Qh8 27. Kg2 Qf8 28. Rf2 Kc8 29. Raf1 Rf7 30. f5 exf5 31. Bxf5 Bxf5 32.
Rxf5 Rxf5 33. Qxf5+ Qxf5 34. Rxf5 Kd7 35. Rf7+ { Black resigns } 1-0

[Event "ICC tourney 2530 (3 2)"]
[Site "Internet Chess Club"]
[Date "2021.04.23"]
[Round "6"]
[White "V MEHTA, SOHUM:K09-15597521"]
[Black "CHANDRAN, HARISH:K09-15751871"]
[Result "0-1"]
[ICCResult "White forfeits on time"]
[WhiteElo "1400"]
[BlackElo "1400"]
[Opening "Sicilian: dragon, Yugoslav attack"]
[ECO "B75"]
[NIC "SI.17"]
[Time "19:31:28"]
[PlyCount "36"]
[TimeControl "180+2"]

1. e4 c5 2. Nf3 d6 3. d4 cxd4 4. Nxd4 Nf6 5. Nc3 g6 6. Be3 Bg7 7. f3 Nc6 8.
Qd2 Bd7 9. O-O-O a5 10. g4 Rb8 11. h4 b5 12. Ndxb5 Ne5 13. Nd4 Qc7 14. Bh3
Nc4 15. Qe2 Nxb2 16. Ndb5 Bxb5 17. Nxb5 Qc6 18. Kxb2 Nxg4+ { White forfeits
on time } 0-1

[Event "ICC tourney 2530 (3 2)"]
[Site "Internet Chess Club"]
[Date "2021.04.23"]
[Round "6"]
[White "SIDDIQI, AMAN:K09-30165568"]
[Black "SAI TUBATI, TARUN:K09-16761313"]
[Result "1-0"]
[ICCResult "Black checkmated"]
[WhiteElo "1144"]
[BlackElo "1400"]
[Opening "Queen's pawn, Mason variation"]
[ECO "D00"]
[NIC "QP.08"]
[Time "19:30:57"]
[PlyCount "47"]
[TimeControl "180+2"]

1. d4 d5 2. Bf4 Nc6 3. e3 Nf6 4. Nf3 Bf5 5. c3 e6 6. Qb3 Bd6 7. Bg3 O-O 8.
Qxb7 Rb8 9. Qxc6 Rxb2 10. Bxd6 Qxd6 11. Qxd6 cxd6 12. Be2 Bxb1 13. O-O Rd2
14. Nxd2 Ne4 15. Nxe4 Bxe4 16. f3 Bg6 17. Rfd1 Rb8 18. Bd3 Bxd3 19. Rxd3
Rb2 20. Rdd1 Re2 21. Re1 Rc2 22. a4 Rxc3 23. Rac1 Ra3 24. Rc8# { Black
checkmated } 1-0

[Event "ICC tourney 2530 (3 2)"]
[Site "Internet Chess Club"]
[Date "2021.04.23"]
[Round "6"]
[White "KRISHNAN, SAATVIK:K09-15210955"]
[Black "XIONG, LANG:K09-16344675"]
[Result "1-0"]
[ICCResult "Black resigns"]
[WhiteElo "1400"]
[BlackElo "1400"]
[Opening "English: Bremen system with ...g6"]
[ECO "A24"]
[NIC "EO.14"]
[Time "19:31:10"]
[PlyCount "73"]
[TimeControl "180+2"]

1. c4 e5 2. Nc3 Nf6 3. g3 g6 4. Bg2 Bg7 5. Nf3 Nc6 6. O-O O-O 7. d3 d6 8.
Bg5 Be6 9. Ne4 h6 10. Nxf6+ Bxf6 11. Bxh6 Re8 12. Qd2 Nd4 13. Nxd4 exd4 14.
Bxb7 Rb8 15. Bc6 Bd7 16. Bxd7 Qxd7 17. b3 Qg4 18. Rfe1 Kh7 19. Qf4 Qe6 20.
Bg5 Bxg5 21. Qxg5 f6 22. Qh4+ Kg7 23. Qxd4 Rh8 24. Qe4 Qh3 25. Qg2 Qh6 26.
e4 Rh7 27. f4 Rbh8 28. h4 Qh5 29. e5 dxe5 30. fxe5 fxe5 31. Qd5 Kf6 32.
Rf1+ Kg7 33. Rae1 Qg4 34. Qxe5+ Kh6 35. Qe3+ Kh5 36. Qe5+ g5 37. Re4 {
Black resigns } 1-0

[Event "ICC tourney 2530 (3 2)"]
[Site "Internet Chess Club"]
[Date "2021.04.23"]
[Round "6"]
[White "SHAH, ARSH:K09-17096480"]
[Black "JOHN KIM, ANDREW:K09-16142364"]
[Result "0-1"]
[ICCResult "White forfeits on time"]
[WhiteElo "1400"]
[BlackElo "1400"]
[Opening "Caro-Kann: exchange variation"]
[ECO "B13"]
[NIC "CK.02"]
[Time "19:31:03"]
[PlyCount "48"]
[TimeControl "180+2"]

1. e4 c6 2. d4 d5 3. exd5 cxd5 4. Nc3 Nc6 5. Nf3 Bf5 6. Be3 Nf6 7. Bb5 e6
8. a3 a6 9. Be2 Bd6 10. O-O O-O 11. Qd2 Re8 12. Bd3 Bxd3 13. Qxd3 e5 14.
dxe5 Nxe5 15. Nxe5 Bxe5 16. Bd4 Rc8 17. Bxe5 Rxe5 18. Rfe1 Rg5 19. Rad1 b5
20. Re2 Qc7 21. Rde1 Qc6 22. f4 Rg6 23. Nxd5 h6 24. Nxf6+ Rxf6 { White
forfeits on time } 0-1

[Event "ICC tourney 2530 (3 2)"]
[Site "Internet Chess Club"]
[Date "2021.04.23"]
[Round "6"]
[White "LIU, CATHERINE:K09-15277304"]
[Black "EHRENBERG, JOSHUA:K12-16538457"]
[Result "1-0"]
[ICCResult "Black forfeits on time"]
[WhiteElo "1400"]
[BlackElo "1400"]
[Opening "Petrov three knights game"]
[ECO "C42"]
[NIC "RG.01"]
[Time "19:31:17"]
[PlyCount "45"]
[TimeControl "180+2"]

1. e4 e5 2. Nf3 Nf6 3. Nc3 Bb4 4. b3 Bxc3 5. dxc3 O-O 6. Bd3 Nc6 7. O-O d5
8. c4 Bg4 9. cxd5 Bxf3 10. Qxf3 Nd4 11. Qd1 c5 12. c3 Nc6 13. Bg5 Ne7 14.
Bxf6 gxf6 15. Qg4+ Ng6 16. h4 Kh8 17. h5 Nf4 18. Bc2 Rg8 19. Qf5 Rxg2+ 20.
Kh1 Qg8 21. Qxf6+ Qg7 22. Qh4 Rg8 23. h6 { Black forfeits on time } 1-0

[Event "ICC tourney 2530 (3 2)"]
[Site "Internet Chess Club"]
[Date "2021.04.23"]
[Round "6"]
[White "BALAMURUGAN, ABHIJAY:K09-16913354"]
[Black "PANIKKATH, ADITYA:K09-30103787"]
[Result "1/2-1/2"]
[ICCResult "Game drawn by mutual agreement"]
[WhiteElo "1400"]
[BlackElo "1400"]
[Opening "Sicilian defense"]
[ECO "B30"]
[NIC "SI.31"]
[Time "19:31:09"]
[PlyCount "103"]
[TimeControl "180+2"]

1. e4 c5 2. Nf3 Nc6 3. Bc4 e6 4. Nc3 a6 5. O-O b5 6. Be2 d5 7. exd5 exd5 8.
d4 c4 9. Bf4 Nf6 10. Re1 Be7 11. Bg5 O-O 12. Ne5 Bb7 13. Nxc6 Bxc6 14. Bf3
h6 15. Bxf6 Bxf6 16. Ne2 Re8 17. Ng3 Rxe1+ 18. Qxe1 Qe8 19. Qd2 Rd8 20. Re1
Qd7 21. h3 g6 22. Qxh6 Bg7 23. Qf4 Re8 24. Rxe8+ Qxe8 25. Qe3 Qxe3 26. fxe3
a5 27. Ne2 g5 28. g3 b4 29. h4 f6 30. hxg5 fxg5 31. b3 cxb3 32. cxb3 Bb5
33. Nc1 Bh6 34. Bxd5+ Kg7 35. e4 g4 36. Kf2 Bxc1 37. e5 Bg5 38. Be6 Bd3 39.
Bxg4 Bb1 40. Bd1 Bxa2 41. d5 Kf7 42. e6+ Ke7 43. Kf3 Kd6 44. Ke4 Bd2 45. g4
Bb1+ 46. Kd4 Bc3+ 47. Kc4 Be4 48. Kb5 Bxd5 49. Kxa5 Bxe6 50. Ka4 Bxg4 51.
Bxg4 Kc5 52. Bd1 { Game drawn by mutual agreement } 1/2-1/2

[Event "ICC tourney 2530 (3 2)"]
[Site "Internet Chess Club"]
[Date "2021.04.23"]
[Round "6"]
[White "BASTIANI FONCK, CLAUDIO:K12-16874166"]
[Black "EILEEN MILLER, ANNA:K09-16812002"]
[Result "1-0"]
[ICCResult "Black checkmated"]
[WhiteElo "1400"]
[BlackElo "1400"]
[Opening "Four knights: Italian variation"]
[ECO "C47"]
[NIC "KP.06"]
[Time "19:31:33"]
[PlyCount "63"]
[TimeControl "180+2"]

1. e4 e5 2. Nf3 Nc6 3. Nc3 Nf6 4. Bc4 h6 5. O-O d6 6. h3 Be7 7. d3 O-O 8.
a3 a6 9. Be3 Be6 10. Nd5 Re8 11. Nxe7+ Rxe7 12. Ba2 Bxa2 13. Rxa2 d5 14.
exd5 Qxd5 15. Ra1 Rd8 16. Qe2 e4 17. dxe4 Rxe4 18. Rad1 Qe6 19. Rxd8+ Nxd8
20. Qd3 Nc6 21. Nd4 Nxd4 22. Bxd4 Re1 23. Be3 Rxf1+ 24. Kxf1 Nd5 25. Bd2 c6
26. Qb3 Nf6 27. Qxb7 Qc4+ 28. Kg1 Qxc2 29. Bc3 Ne4 30. Qc8+ Kh7 31. Qf5+ g6
32. Qxf7# { Black checkmated } 1-0

[Event "ICC tourney 2530 (3 2)"]
[Site "Internet Chess Club"]
[Date "2021.04.23"]
[Round "6"]
[White "MARIAN, AARON:K09-15799497"]
[Black "DAS, ROMIR:K09-17353705"]
[Result "1-0"]
[ICCResult "Black checkmated"]
[WhiteElo "1400"]
[BlackElo "1400"]
[Opening "QGD: Marshall defense"]
[ECO "D06"]
[NIC "QP.08"]
[Time "19:31:19"]
[PlyCount "85"]
[TimeControl "180+2"]

1. d4 d5 2. c4 Nf6 3. Nc3 c6 4. Bg5 Bf5 5. e3 b6 6. Qb3 h6 7. Bh4 g5 8. Bg3
e6 9. Be5 Bg7 10. cxd5 cxd5 11. Bb5+ Nbd7 12. Ba4 O-O 13. Nb5 Ne4 14. Bxg7
Kxg7 15. f3 Nef6 16. Ne2 a6 17. Nd6 Rb8 18. Bc6 Qc7 19. Nxf5+ exf5 20. Rc1
g4 21. Bxd5 Qd6 22. Bc6 Rbc8 23. d5 gxf3 24. gxf3 Ne5 25. Rg1+ Kh7 26. Qc2
Nxf3+ 27. Kf2 Nxg1 28. Qxf5+ Kh8 29. Rxg1 Rg8 30. Qh3 Rxg1 31. Qxc8+ Kg7
32. Kxg1 Ng4 33. Qxg4+ Kh7 34. Qf4 Qg6+ 35. Kf2 f5 36. Qc7+ Kg8 37. Qd8+
Kf7 38. Be8+ Kg7 39. Bxg6 Kxg6 40. Qf8 Kh5 41. Qf6 f4 42. Kf3 fxe3 43. Ng3#
{ Black checkmated } 1-0

[Event "ICC tourney 2530 (3 2)"]
[Site "Internet Chess Club"]
[Date "2021.04.23"]
[Round "6"]
[White "GELDIYEV, MEKAN:K12-30158418"]
[Black "GUO, JUNHUI:K09-30160929"]
[Result "1-0"]
[ICCResult "Black forfeits on time"]
[WhiteElo "1400"]
[BlackElo "1400"]
[Opening "Sicilian defense"]
[ECO "B30"]
[NIC "SI.31"]
[Time "19:31:02"]
[PlyCount "63"]
[TimeControl "180+2"]

1. e4 c5 2. Nf3 Nc6 3. Nc3 d6 4. Bb5 Bd7 5. d4 cxd4 6. Nxd4 Nxd4 7. Bxd7+
Qxd7 8. Qxd4 Nf6 9. O-O g6 10. Rd1 Bg7 11. e5 Nh5 12. Bf4 Nxf4 13. Qxf4
Bxe5 14. Qf3 Rd8 15. Ne4 Qc6 16. c3 O-O 17. Re1 Qc8 18. Qe3 Bg7 19. Ng5
Rfe8 20. Qf3 f5 21. Qh3 h6 22. Nf3 e5 23. Nh4 g5 24. Ng6 Qe6 25. Qh5 Kh7
26. f4 Qxg6 27. Qxg6+ Kxg6 28. fxg5 hxg5 29. Rad1 b5 30. Rd5 a6 31. Red1
Bf8 32. Kf2 { Black forfeits on time } 1-0

[Event "ICC tourney 2530 (3 2)"]
[Site "Internet Chess Club"]
[Date "2021.04.23"]
[Round "6"]
[White "TRAN, NUGEN:K09-16809941"]
[Black "RAJA, ABHINAV:K12-16290326"]
[Result "1/2-1/2"]
[ICCResult "Game drawn by mutual agreement"]
[WhiteElo "1400"]
[BlackElo "1400"]
[Opening "Grünfeld: modern exchange variation"]
[ECO "D85"]
[NIC "GI.04"]
[Time "19:31:49"]
[PlyCount "68"]
[TimeControl "180+2"]

1. d4 Nf6 2. c4 g6 3. Nc3 d5 4. cxd5 Nxd5 5. e4 Nxc3 6. bxc3 Bg7 7. Nf3 c5
8. Bb5+ Bd7 9. Bxd7+ Qxd7 10. O-O Nc6 11. Be3 O-O 12. Rc1 Rad8 13. d5 Ne5
14. Nxe5 Bxe5 15. Bxc5 Rc8 16. Bd4 Bg7 17. Bxg7 Kxg7 18. Qd4+ f6 19. Qxa7
Ra8 20. Qe3 Rxa2 21. h3 Rfa8 22. Rfd1 Qa4 23. e5 Qa7 24. exf6+ Kxf6 25.
Qf4+ Kg7 26. d6 exd6 27. Rxd6 Rf8 28. Qe5+ Kh6 29. Qd4 Qxd4 30. Rxd4 Rfxf2
31. Rg4 Rfc2 32. Rxc2 Rxc2 33. Rb4 Rxc3 34. Rxb7 Rc1+ { Game drawn by
mutual agreement } 1/2-1/2

[Event "ICC tourney 2530 (3 2)"]
[Site "Internet Chess Club"]
[Date "2021.04.23"]
[Round "6"]
[White "KUMAR TIBREWAL, AYUSH:K12-14952527"]
[Black "JOSHUA RAJESH, AADITYA:K09-16964021"]
[Result "1-0"]
[ICCResult "Black forfeits on time"]
[WhiteElo "1400"]
[BlackElo "1400"]
[Opening "King's gambit"]
[ECO "C30"]
[NIC "KG.05"]
[Time "19:31:49"]
[PlyCount "59"]
[TimeControl "180+2"]

1. e4 e5 2. f4 d6 3. Nf3 Nc6 4. Nc3 Nf6 5. Bb5 Bg4 6. O-O Bxf3 7. Qxf3 Nd7
8. Bxc6 bxc6 9. fxe5 Nxe5 10. Qg3 f6 11. d4 Ng6 12. e5 dxe5 13. dxe5 Nxe5
14. Bf4 Ng6 15. Bxc7 Qd4+ 16. Kh1 Bc5 17. Rae1+ Be7 18. Bd6 Kf7 19. Bxe7
Nxe7 20. Qc7 Qc4 21. Qxe7+ Kg6 22. Rf3 Qg4 23. Rg3 Qxg3 24. hxg3 Kh6 25.
Re4 Rhf8 26. Rh4+ Kg6 27. Ne4 h5 28. g4 hxg4 29. Rxg4+ Kf5 30. Qd7+ { Black
forfeits on time } 1-0

[Event "ICC tourney 2530 (3 2)"]
[Site "Internet Chess Club"]
[Date "2021.04.23"]
[Round "6"]
[White "LAD, DALTON:K12-16754385"]
[Black "ALEXANDER MORGAN, CAMERON:K09-15934151"]
[Result "1-0"]
[ICCResult "Black forfeits on time"]
[WhiteElo "1400"]
[BlackElo "1400"]
[Opening "Old Indian defense"]
[ECO "E61"]
[NIC "KI.76"]
[Time "19:31:00"]
[PlyCount "45"]
[TimeControl "180+2"]

1. d4 Nf6 2. c4 d6 3. Nc3 g6 4. Nf3 Bg7 5. Bf4 Nc6 6. e3 e5 7. dxe5 dxe5 8.
Qxd8+ Kxd8 9. Nxe5 Nxe5 10. Bxe5 Re8 11. O-O-O+ Bd7 12. f4 Nh5 13. Be2 Bxe5
14. fxe5 Rxe5 15. Rhf1 Ke8 16. Bxh5 Rxh5 17. Nd5 Kd8 18. Nf6 Kc8 19. Nxh5
Bg4 20. Rxf7 Bxd1 21. Rf8+ Kd7 22. Nf6+ Ke7 23. Rxa8 { Black forfeits on
time } 1-0